 Dungeon Sprint DCSS version 0.28-a0-8-g6e044cfa68 (webtiles) character file.

Game seed: 4805442692031129789

932 mhtbhm the Blocker (level 8, -13/81 HPs)
             Began as a Gargoyle Fighter on July 24, 2021.
             Was a High Priest of Qazlal.
             Mangled by a shadow wraith (15 damage)
             ... in the Dungeon (Sprint VII: "The Pits").
             The game lasted 00:01:44 (879 turns).

mhtbhm the Blocker (Gargoyle Fighter)                Turns: 879, Time: 00:01:45

Health: -13/81     AC: 16    Str: 21    XL:     8   Next: 11%
Magic:  14/14      EV:  9    Int: 10    God:    Qazlal [*****.]
Gold:   0          SH: 17    Dex:  9    Spells: 7/7 levels left

rFire   . . .      SeeInvis .   a - +2 hand axe
rCold   . . .      Faith    .   c - +0 kite shield
rNeg    + . .      Spirit   .   b - +3 scale mail
rPois   ∞          Reflect  .   (no helmet)
rElec   +          Harm     .   (no cloak)
rCorr   .          Rampage  .   (no gloves)
Will    .....      NoTele   +   (no boots)
Stlth   ..........              (no amulet)
HPRegen 0.23/turn               (no ring)
MPRegen 0.14/turn               (no ring)

@: berserking (expiring), slowed, repel missiles
A: sickness immunity, AC +5, negative energy resistance 1, electricity
resistance, torment resistance 1, petrification resistance
a: Renounce Religion, Upheaval, Elemental Force, Disaster Area


You were in the Dungeon.
You worshipped Qazlal.
Qazlal was extremely pleased with you.
You visited 1 branch

Inventory:

Hand Weapons
 a - a +2 hand axe (weapon)
Armour
 b - a +3 scale mail (worn)
 c - a +0 kite shield (worn)
Scrolls
 j - a scroll of blinking
 l - 5 scrolls of amnesia
 m - a scroll of summoning
Potions
 d - a potion of might
 e - 6 potions of curing
 g - a potion of haste
 h - 4 potions of magic
 i - a potion of berserk rage
 k - 2 potions of invisibility


   Skills:
 + Level 7.7 Fighting
 + Level 7.7 Axes
 + Level 8.2 Armour
 + Level 3.5 Dodging
 + Level 0.1 Stealth
 + Level 9.6 Shields
 * Level 8.1 Invocations


You had 7 spell levels left.
You didn't know any spells.
Your spell library was empty.

Dungeon Overview and Level Annotations

Branches:
Dungeon (1/1)

Altars:
Ashenzari
Cheibriados
Dithmenos
Elyvilon
Fedhas
Gozag
Hepliaklqana
Kikubaaqudgha
Makhleb
Nemelex Xobeh
Okawaru
Qazlal
Ru
Sif Muna
Trog
Uskayaw
Vehumet
Wu Jian
Xom
Yredelemnul
Zin
The Shining One
Beogh
Jiyva
Lugonu


Innate Abilities, Weirdness & Mutations

You are immune to sickness and miasma.
Your stone body is resilient. (AC +5)
You are immune to poison.
You resist negative energy. (rN+)
You are resistant to electric shocks. (rElec)
You are resistant to unholy torment.
You are immune to petrification.


Message History

Something hits you!
* * * LOW HITPOINT WARNING * * *
Something drains your vigour!
You feel as though you will be slow longer.
You feel much better. Something hits you! Something drains your vigour!
You feel as though you will be slow longer.
You hit something.
Something hits you but does no damage. x2
You closely miss something. You block something's attack.
You barely miss something. Something hits you but does no damage.
Something hits you!!
* * * LOW HITPOINT WARNING * * *
You hit something. Something completely misses you.
You barely miss something. Something hits you but does no damage.
Something hits you!
* * * LOW HITPOINT WARNING * * *
Something drains your vigour!
You feel as though you will be slow longer.
Unknown command.
You feel much better. Something hits you.
A red film seems to cover your vision as you go berserk!
You feel yourself moving faster!
You feel mighty! Something hits you! x2
* * * LOW HITPOINT WARNING * * *
Something drains your vigour!
You feel as though you will be slow longer.
You closely miss something. Something hits you!
* * * LOW HITPOINT WARNING * * *
You barely miss something. You block something's attack.
You slash something! You block something's attack.
You hit something. Something completely misses you.
You hit something. Something hits you.
* * * LOW HITPOINT WARNING * * *
Something drains your vigour!
You feel as though you will be slow longer.
You closely miss something. Something hits you but does no damage.
Unknown command.
You hit something. Something hits you but does no damage.
You slash something! You block something's attack.
Your shield prevents you from hitting something.
Something hits you!
You die...

#.#..#..#))##.......#
#.#..#..#[[##.......#
#.##'#).#'###...<...#
#.#........##.......#
#)#........##.......#
#)###########.......#
#)......#..##########
#...#...#.## ###
#...#...#@# ...#
#.##.##.#{#....#
#...#...#÷☼....+
#...#...#'#....#
#.......'.#....#
########### ####


There were no monsters in sight!

Vanquished Creatures
  A snapping turtle (D)
  Duvessa (D)
  A floating eye (D)
  2 sky beasts (D)
  A centaur (D)
  A kobold brigand (D)
  A bullfrog (D)
  A scorpion (D)
  Dowan (D)
  2 gnolls (D)
  An adder (D)
  A river rat (D)
  A white imp (D)
  A ball python (D)
  A bat skeleton (D)
  A bat zombie (D)
  2 goblins (D)
  3 frilled lizards (D)
  A kobold (D)
  A rat (D)
25 creatures vanquished.

Notes
Turn   | Place    | Note
-------+----------+-------------------------------------------
     0 | D        | mhtbhm the Gargoyle Fighter began the quest for the Orb.
     0 | D        | Reached XP level 1. HP: 14/14 MP: 1/1
    19 | D        | Reached skill level 4 in Shields
    19 | D        | Reached XP level 2. HP: 15/20 MP: 2/2
    23 | D        | Found a bloodstained altar of Trog.
    23 | D        | Found a shimmering blue altar of Sif Muna.
    23 | D        | Found a viscous altar of Jiyva.
    23 | D        | Found a hazy altar of Hepliaklqana.
    23 | D        | Found an opulent altar of Gozag.
    24 | D        | Found a glowing golden altar of the Shining One.
    24 | D        | Found a glowing silver altar of Zin.
    24 | D        | Found a basalt altar of Yredelemnul.
    24 | D        | Found a shimmering altar of Xom.
    24 | D        | Found an ornate altar of the Wu Jian Council.
    24 | D        | Found a sacrificial altar of Ru.
    24 | D        | Found a stormy altar of Qazlal.
    24 | D        | Found an iron altar of Okawaru.
    24 | D        | Found a sparkling altar of Nemelex Xobeh.
    24 | D        | Found a burning altar of Makhleb.
    24 | D        | Found a blossoming altar of Fedhas.
    24 | D        | Found a white marble altar of Elyvilon.
    24 | D        | Found a shadowy altar of Dithmenos.
    24 | D        | Found a snail-covered altar of Cheibriados.
    26 | D        | Found a radiant altar of Vehumet.
    26 | D        | Found a corrupted altar of Lugonu.
    27 | D        | Found a hide-covered altar of Uskayaw.
    27 | D        | Found an ancient bone altar of Kikubaaqudgha.
    27 | D        | Found a broken altar of Ashenzari.
    31 | D        | Became a worshipper of Qazlal Stormbringer
   126 | D        | Noticed a floating eye
   130 | D        | Paralysed by a floating eye for 3 turns
   134 | D        | Killed a floating eye
   135 | D        | Reached skill level 5 in Fighting
   135 | D        | Reached skill level 5 in Armour
   135 | D        | Reached skill level 5 in Shields
   135 | D        | Reached XP level 3. HP: 27/27 MP: 2/5
   135 | D        | Reached XP level 4. HP: 32/32 MP: 2/6
   282 | D        | Reached * piety under Qazlal
   293 | D        | Reached XP level 5. HP: 36/36 MP: 7/7
   310 | D        | Reached skill level 1 in Dodging
   310 | D        | Reached skill level 6 in Shields
   310 | D        | Reached ** piety under Qazlal
   375 | D        | Noticed Dowan
   387 | D        | Noticed a sky beast
   387 | D        | Noticed Duvessa
   388 | D        | Noticed a centaur
   402 | D        | Killed Dowan
   402 | D        | Reached *** piety under Qazlal
   403 | D        | Reached skill level 5 in Invocations
   403 | D        | Reached XP level 6. HP: 21/42 MP: 9/9
   423 | D        | Killed a sky beast
   424 | D        | Reached skill level 5 in Axes
   424 | D        | Reached skill level 7 in Shields
   440 | D        | Reached **** piety under Qazlal
   441 | D        | Reached skill level 8 in Shields
   466 | D        | Killed Duvessa
   467 | D        | Reached XP level 7. HP: 39/48 MP: 10/12
   519 | D        | Noticed a snapping turtle
   548 | D        | Killed a snapping turtle
   549 | D        | Reached skill level 9 in Shields
   578 | D        | Reached ***** piety under Qazlal
   854 | D        | Reached XP level 8. HP: 53/53 MP: 13/13
   871 | D        | HP: 3/81 [something (11)]
   879 | D        | Mangled by a shadow wraith

Illustrated notes

Levels and vault maps discovered:
D:        pitsprint [storerooms_1, entrance_room_1, metal_vault_2, armoury_3,
          mini_pit_1, grid_room_1, main_hall_1, silver_pit, the_coven_1,
          the_vestibule_1, steel_vault_5, golden_pit, hallway_of_sentries,
          crystal_vault_5, iron_vault_2, final_vault]

Skill      XL: |  1  2  3  4  5  6  7  8 |
---------------+-------------------------+-----
Fighting       | 4 5 6 7 |  7.7
Axes           | 2 3 4 6 7 |  7.7
Armour         | 4 5 6 7 8 |  8.2
Shields        | 4 5 6 8 9 |  9.6
Invocations    | 3 5 6 7 8 |  8.1
Dodging        | 1 2 3 |  3.5
Stealth        | |  0.1

Action                   |  1- 3 |  4- 6 |  7- 9 || total
-------------------------+-------+-------+-------++-------
Melee: War axe           |     6 |       |       ||     6
       Hand axe          |     5 |    96 |    85 ||   186
  Use: Potion            |       |     2 |     6 ||     8
Armor: Scale mail        |     3 |    58 |    27 ||    88
Dodge: Dodged            |       |    24 |    10 ||    34
       Repelled          |       |     1 |     1 ||     2
Block: Kite shield       |     5 |    67 |    45 ||   117

Table legend: (Time is in decaauts)
 A = Elapsed time spent in this place.
 B = Non-inter-level travel time spent in this place.
 C = Inter-level travel time spent in this place.
 D = Time resting spent in this place.
 E = Time spent auto-exploring this place.
 F = Levels seen in this place.
 G = Mean time per level.
                   A        B        C        D        E       F      G
               +--------+--------+--------+--------+--------+-----+--------+
         Total |    922 |    922 |      0 |    472 |     29 |   1 |  922.0 |
       Dungeon |    922 |    922 |      0 |    472 |     29 |   1 |  922.0 |
               +--------+--------+--------+--------+--------+-----+--------+

Top non-repeatable levels by time:
       D: 922 daAuts
